 Dungeon Crawl Stone Soup version 0.27-a0-668-gb5737ff2c0 (webtiles) character file.

Game seed: 12506783087668695453

31 theanonym the Sneak (level 3, -7/29 HPs)
             Began as a Mummy Delver on Mar 17, 2021.
             Was an Initiate of Yredelemnul.
             Mangled by Duvessa
             ... wielding a +0 short sword
              (8 damage)
             ... on level 4 of the Dungeon.
             The game lasted 00:01:22 (538 turns).

theanonym the Sneak (Mummy Delver)                   Turns: 538, Time: 00:01:24

Health: -7/29      AC:  3    Str: 16    XL:     3   Next: 7%
Magic:  3/3        EV:  8    Int:  9    God:    Yredelemnul [......]
Gold:   32         SH:  7    Dex: 13    Spells: 2/2 levels left

rFire    x . .     SeeInvis .   a - +0 mace
rCold    + . .     Faith    .   d - +0 kite shield
rNeg     + + +     Spirit   .   b - +0 leather armour
rPois    ∞         Reflect  .   (no helmet)
rElec    .         Harm     .   (no cloak)
rCorr    .         Rampage  .   (no gloves)
Will     .....                  (no boots)
Stlth    ++........             (no amulet)
HPRegen  0.09/turn              (no ring)
MPRegen  0.08/turn              (no ring)

@: no status effects
A: cold resistance 1, negative energy resistance 3, torment resistance 2,
unbreathing 1, heat vulnerability 1, no potions
a: Renounce Religion


Innate Abilities, Weirdness & Mutations

You are immune to poison.
Your flesh is cold resistant. (rC+)
You are immune to negative energy. (rN+++)
You are immune to unholy pain and torment.
You can survive without breathing.
You are vulnerable to heat. (rF-)
You do not drink.


   Skills:
 + Level 3.4 Fighting
 * Level 2.5 Maces & Flails
 - Level 1.5 Dodging
 - Level 4.1 Stealth


You had 2 spell levels left.
You didn't know any spells.
Your spell library contained the following spells:

 Spells                   Type           Power      Damage    Failure   Level
 Shock                    Conj/Air       0%         1d3       98%         1
 Corpse Rot               Necr/Air       N/A        N/A       99%         2
 Vampiric Draining        Necr           0%         2d6       100%        3
 Animate Dead             Necr           0%         N/A       100%        4
 Borgnjor's Vile Clutch   Necr/Erth      0%         N/A       100%        5

Skill      XL: |  1 |
---------------+----+-----
Maces & Flails | 2 |  2.5
Fighting       | |  3.4
Dodging        | |  1.5
Stealth        | |  4.1

Action                   || total
-------------------------++-------
Melee: Mace              ||    19
Armor: Leather armour    ||     3
Dodge: Dodged            ||     4
Block: Kite shield       ||     6

Inventory:

Hand Weapons
 a - a +0 mace (weapon)
Armour
 b - a +0 leather armour (worn)
 d - a +0 kite shield (worn)
Wands
 c - a wand of digging (3)
Scrolls
 e - a scroll of fear
 f - a scroll of fog
 y - a scroll of magic mapping


You were on level 4 of the Dungeon.
You worshipped Yredelemnul.
Yredelemnul was noncommittal.
You visited 1 branch of the dungeon, and saw 2 of its levels.

You collected 32 gold pieces.

Dungeon Overview and Level Annotations

Branches:
Dungeon (5/15)
 Temple: D:4-7

Altars:
Vehumet
Yredelemnul

Annotations:
D:4 Duvessa, Eustachio

##......# #.##............
#.......# ##.##............
#......## #..##............
#......####..###..!........
#.........#.## #...........
####.P.P..#.# #..........#
#.._.....# #..........#
#.P.P....# #.........##
#.....#@## #.......###
#######># #......##
#####......## ##....##
#........#..## ##.###
@.......#######..## ###
..<.##### ##..###
.......#### #....## .
........######.....###
#......(....##.....>.###


There were no monsters in sight!

Notes
Turn   | Place    | Note
-------+----------+-------------------------------------------
     0 | D:5      | theanonym the Mummy Delver began the quest for the Orb.
     0 | D:5      | Reached XP level 1. HP: 18/18 MP: 1/1
     3 | D:5      | Found a radiant altar of Vehumet.
    11 | D:5      | Noticed an iguana
    55 | D:4      | Found a basalt altar of Yredelemnul.
    62 | D:4      | Became a worshipper of Yredelemnul the Dark
   206 | D:4      | Noticed Eustachio
   224 | D:4      | Reached skill level 2 in Maces & Flails
   224 | D:4      | Reached XP level 2. HP: 22/24 MP: 2/2
   414 | D:4      | Reached XP level 3. HP: 25/29 MP: 3/3
   462 | D:4      | Identified the Collected Works on Flying Black Rites
   511 | D:4      | Noticed Duvessa
   537 | D:4      | HP: 14/29 [something (1)]
   538 | D:4      | HP: 1/29 [something (7)]
   538 | D:4      | Mangled by Duvessa

Vanquished Creatures
  3 adders (D:4)
  A leopard gecko (D:4)
  A leopard gecko skeleton (D:4)
5 creatures vanquished.

Table legend: (Time is in decaauts)
 A = Elapsed time spent in this place.
 B = Non-inter-level travel time spent in this place.
 C = Inter-level travel time spent in this place.
 D = Time resting spent in this place.
 E = Time spent auto-exploring this place.
 F = Levels seen in this place.
 G = Mean time per level.
                   A        B        C        D        E       F      G
               +--------+--------+--------+--------+--------+-----+--------+
         Total |    548 |    548 |      0 |    249 |    157 |   2 |  274.0 |
       Dungeon |    548 |    548 |      0 |    249 |    157 |   2 |  274.0 |
               +--------+--------+--------+--------+--------+-----+--------+

Top non-repeatable levels by time:
     D:4: 499 daAuts
     D:5: 49 daAuts
